 Dungeon Crawl Stone Soup version 0.26-a0-712-ga5a9c9c9d0 (webtiles) character file.

Game seed: 9663905888391378999

2335 Azzok the Cleaver (level 9, 0/63 HPs)
             Began as a Demonspawn Berserker on Nov 6, 2020.
             Was an Elder of Trog.
             Succumbed to a big kobold's poison
             ... on level 1 of the Abyss.
             The game lasted 00:10:25 (6232 turns).

Azzok the Cleaver (Demonspawn Berserker)            Turns: 6232, Time: 00:10:26

Health: 0/63       AC:  9    Str: 22    XL:     9   Next: 19%
Magic:  0/9        EV: 15    Int:  8    God:    Trog [****..]
Gold:   208        SH:  0    Dex: 12    Spells: 8/8 levels left

rFire    + . .     SeeInvis .   l - +0 broad axe
rCold    . . .     Faith    .   (no shield)
rNeg     . . .     Spirit   +   d - +0 chain mail
rPois    .         Reflect  .   h - +0 helmet
rElec    .         Harm     .   (no cloak)
rCorr    .         Rampage  .   (no gloves)
MR       .....                  (no boots)
Stlth    ..........             m - amulet of guardian spirit
HPRegen  0.20/turn              f - ring of protection from fire
MPRegen  0.11/turn              c - +4 ring of evasion

@: mighty, lethally poisoned (0 -> -7), berserk cooldown, hasted and slowed,
drained
A: talons 2, repulsion field 2, powered by death 2
a: Berserk, Trog's Hand, Brothers in Arms, Renounce Religion


You were on level 1 of the Abyss.
You worshipped Trog.
Trog was greatly pleased with you.
You visited 1 branch of the dungeon, and saw 7 of its levels.
You visited the Abyss 1 time.
You also visited: Sewer.

You collected 382 gold pieces.
You spent 174 gold pieces at shops.

Inventory:

Hand Weapons
 l - a +0 broad axe (weapon)
 u - the cursed +1 flail of the Wasteland {vorpal, Int+2}
   (You found it on level 5 of the Dungeon)

   It inflicts extra damage upon your enemies.
   It affects your intelligence (+2).
   It has a curse placed upon it.
 x - a +2 dagger of venom
Armour
 d - a +0 chain mail (worn)
 h - a +0 helmet (worn)
Jewellery
 c - a +4 ring of evasion (right hand)
 f - a ring of protection from fire (left hand)
 g - an uncursed ring of resist corrosion
 m - an amulet of guardian spirit (around neck)
 q - an uncursed ring of ice
 w - an uncursed ring of protection from fire
Scrolls
 a - 5 scrolls of teleportation
 b - 2 scrolls of enchant weapon
 i - 2 scrolls of enchant armour
 j - 2 scrolls of fear {unknown}
 k - a scroll of identify
 p - 3 scrolls of fog
 t - 2 scrolls of remove curse
Potions
 e - a potion of degeneration {unknown}
 n - 2 potions of curing {unknown}
 o - a potion of haste
 r - 2 potions of might
 s - 2 potions of magic
 v - a potion of stabbing {unknown}


   Skills:
 - Level 3.0(2.4) Fighting
 + Level 13.6(12.8) Axes
 - Level 1.7(1.2) Armour
 - Level 1.7(1.2) Dodging


You had 8 spell levels left.
You didn't know any spells.
Your spell library was empty.

Dungeon Overview and Level Annotations

Branches:
Dungeon (7/15)             Temple (0/1) D:5           Sewer (visited)

Altars:
Ashenzari
Cheibriados
Dithmenos
Elyvilon
Fedhas
Hepliaklqana
Okawaru
Qazlal
Ru
Trog

Shops:
D:4 ?   D:5 }

Annotations:
D:6 exclusion: oklob plant
D:7 psellion's ghost, novice KoIE


Innate Abilities, Weirdness & Mutations

You have razor-sharp toenails.
You are surrounded by a moderate repulsion field. (EV +3)
You regenerate health from kills.


Message History

The big kobold hits you with a +0 dagger.
* * * LOW MAGIC WARNING * * *;
* * * LOW HITPOINT WARNING * * *
The kobold demonologist barely misses you.
Psellion's ghost closely misses you. The big kobold misses you.
Okay, then.
Okay, then.
It was a potion of might.
You feel very mighty all of a sudden.
* * * LOW HITPOINT WARNING * * *
You feel sick.
The big kobold hits you but does no damage.
The big kobold hits you with a +1 dagger of distortion.
* * * LOW MAGIC WARNING * * *
You are cast into the Abyss!
To return, you must find a gate leading back.
Killing monsters will force the Abyss to allow you passage.
This branch contains the abyssal rune of Zot.
Found 7 bolts and 60 gold pieces.
It was a potion of haste.
You feel yourself speed up.
You die...

·▒··▒·····
·········▒
▒·······▒·
▒········▒
▒··($····▒
▒········▒
▒·········
▒·@·····▒
·············▒
·▒·▒·▒▒'''▒▒·▒
··▒······▒▒·▒
▒· ▒·▒···▒·▒ ·
▒ ▒⌠·▒···⌠▒
▒·· ····▒ ···
·····


There were no monsters in sight!

Vanquished Creatures
  Grinder (D:4)
  Sigmund (D:4)
  A sky beast (D:7)
  An orc warrior (D:7)
  A phantom (D:6)
  An ice beast (D:6)
  An ogre (D:5)
  A necrophage (D:7)
  A centaur (D:7)
  2 big kobolds (D:7)
  A bullfrog (D:6)
  A scorpion (D:7)
  3 killer bees (D:7)
  2 centaur skeletons (D:4)
  5 hounds
  An orc priest (D:4)
  A bullfrog skeleton (D:7)
  2 iguanas
  6 orc wizards
  2 worker ants (D:4)
  4 hound zombies
  A hound skeleton (D:4)
  A worker ant zombie (D:4)
  A howler monkey skeleton (D:5)
  6 adders
  2 river rats (Sewer)
  2 white imps (D:6)
  An ooze (D:1)
  A worm (D:5)
  3 dart slugs
  6 leopard geckos
  12 orcs
  4 ball pythons (Sewer)
  4 giant cockroaches
  9 goblins
  7 hobgoblins
  8 jackals
  A quokka (D:2)
  4 bats
  7 frilled lizards
  A jackal zombie (D:4)
  5 kobolds
  A leopard gecko zombie (D:4)
  A quokka skeleton (D:4)
  14 rats
141 creatures vanquished.

Vanquished Creatures (others)
  A withered plant (D:4)
1 creature vanquished.

Grand Total: 142 creatures vanquished

Notes
Turn   | Place    | Note
-------+----------+-------------------------------------------
     0 | D:1      | Azzok the Demonspawn Berserker began the quest for the Orb.
     0 | D:1      | Reached XP level 1. HP: 18/18 MP: 1/1
    56 | D:1      | Reached skill level 3 in Axes
   234 | D:1      | Gained mutation: You have sharp toenails. [demonic
                  | ancestry]
   234 | D:1      | Reached XP level 2. HP: 22/24 MP: 2/2
   457 | D:1      | Gained mutation: You have razor-sharp toenails. [demonic
                  | ancestry]
   457 | D:1      | Reached XP level 3. HP: 29/29 MP: 3/3
   499 | D:1      | Reached ** piety under Trog
   890 | D:2      | Reached skill level 4 in Axes
  1850 | D:3      | Gained mutation: You regenerate a little health from kills.
                  | [demonic ancestry]
  1850 | D:3      | Reached XP level 4. HP: 25/35 MP: 4/4
  2471 | D:4      | Reached skill level 5 in Axes
  2499 | D:4      | Gained mutation: You are surrounded by a mild repulsion
                  | field. (EV +2) [demonic ancestry]
  2499 | D:4      | Reached XP level 5. HP: 26/41 MP: 5/5
  2507 | D:4      | Reached skill level 12 in Axes
  2507 | D:4      | Reached XP level 6. HP: 8/47 MP: 6/6
  2785 | D:4      | Found Nalos's Magic Scroll Shoppe.
  2790 | D:4      | Bought a scroll of random uselessness for 12 gold pieces
  2790 | D:4      | Bought a scroll of enchant armour for 90 gold pieces
  2790 | D:4      | Bought a scroll of fog for 24 gold pieces
  2790 | D:4      | Bought a scroll of noise for 12 gold pieces
  2790 | D:4      | Bought a scroll of teleportation for 36 gold pieces
  2808 | D:4      | Noticed Sigmund
  2822 | D:4      | Killed Sigmund
  2822 | D:4      | Reached XP level 7. HP: 52/52 MP: 7/7
  2836 | D:4      | Reached *** piety under Trog
  2911 | D:4      | Found a shadowy altar of Dithmenos.
  3029 | D:4      | Noticed Grinder
  3040 | D:4      | Killed Grinder
  3446 | D:5      | Entered Level 5 of the Dungeon
  3510 | D:5      | Gained mutation: You are surrounded by a moderate repulsion
                  | field. (EV +3) [demonic ancestry]
  3510 | D:5      | Reached XP level 8. HP: 18/58 MP: 3/8
  3572 | D:5      | Found a staircase to the Ecumenical Temple.
  3622 | D:5      | Found a glowing drain.
  3635 | Sewer    | Entered a sewer
  3866 | D:5      | Found Beqoed's Gadget Shoppe.
  3871 | D:5      | Got a masterwork flail
  3888 | D:5      | Found a hazy altar of Hepliaklqana.
  4039 | D:5      | Identified the cursed +1 flail of the Wasteland {vorpal,
                  | Int+2} (You found it on level 5 of the Dungeon)
  4453 | D:6      | Found a blossoming altar of Fedhas.
  4453 | D:6      | Noticed an oklob plant
  4528 | D:6      | Found a stormy altar of Qazlal.
  4567 | D:6      | Reached **** piety under Trog
  4567 | D:6      | Reached skill level 13 in Axes
  4997 | D:6      | Found a broken altar of Ashenzari.
  5000 | D:6      | Found a bloodstained altar of Trog.
  5017 | D:6      | Found a sacrificial altar of Ru.
  5017 | D:6      | Found an iron altar of Okawaru.
  5468 | D:7      | Found a blossoming altar of Fedhas.
  5468 | D:7      | Found a white marble altar of Elyvilon.
  5473 | D:7      | Found a snail-covered altar of Cheibriados.
  5782 | D:7      | Gained mutation: You regenerate health from kills. [demonic
                  | ancestry]
  5782 | D:7      | Reached XP level 9. HP: 63/63 MP: 9/9
  5798 | D:7      | Found a runed translucent gate.
  5798 | D:7      | Found a runed translucent gate.
  5798 | D:7      | Found a runed translucent gate.
  5800 | D:7      | Noticed psellion's ghost (novice KoIE)
  5804 | D:7      | Noticed a kobold demonologist
  6219 | D:7      | Noticed a sixfirhy
  6230 | D:7      | HP: 3/63 [big kobold/+0 dagger (4)]
  6231 | D:7      | HP: 1/63 [poisoned by a big kobold]
  6231 | D:7      | Cast into level 1 of the Abyss (big kobold)
  6232 | Abyss:1  | Succumbed to a big kobold's poison

Illustrated notes

Levels and vault maps discovered:
D:1:      matt_arrival_grand_opening, layout_basic, minmay_pentomino_s2
D:2:      layout_basic
D:3:      layout_loops_cross
D:4:      layout_rooms, grunt_dithmenos_smoke, serial_shops,
          kennysheep_little_box, serial_undead, serial_undead_e,
          serial_undead_e, serial_undead_c, serial_undead_e,
          hangedman_abyss_or_decor_stabs, hangedman_abyss_or_decor_slice,
          chequers_arboretum, uniq_sigmund, uniq_grinder
D:5:      layout_loops_cross, old_standard_altar,
          minmay_temple_entry_purple_smoke, portal_sewer_entry_f, serial_shops,
          shop_fountains, nrook_pool_corridor
D:6:      layout_loops_ring, nicolae_overflow_hidden_temple,
          grunt_temple_overflow_open, minmay_misc_feat_doors, lemuel_oklob_altar
D:7:      layout_basic, gammafunk_temple_overflow_forgotten,
          gammafunk_ghost_nasty_kobolds
Abyss:1:  base:
D:5

Skill      XL: |  1  2  3  4  5  6  7  8 |
---------------+-------------------------+-----
Axes           | 3 4 5 12 13 | 13.6
Fighting       | |  3.0
Armour         | |  1.7
Dodging        | |  1.7

Action                   |  1- 3 |  4- 6 |  7- 9 || total
-------------------------+-------+-------+-------++-------
Melee: Hand axe          |    60 |       |       ||    60
       Kick              |    15 |     7 |    61 ||    83
       Broad axe         |    37 |    73 |   241 ||   351
Invok: Berserk           |     2 |     3 |     2 ||     7
  Use: Scroll            |     3 |       |     6 ||     9
       Potion            |       |     2 |     2 ||     4
Armor: Animal skin       |     2 |       |       ||     2
       Chain mail        |    43 |    57 |    87 ||   187
       Skin              |       |    28 |       ||    28
Dodge: Dodged            |    72 |    28 |   139 ||   239

Table legend: (Time is in decaauts)
 A = Elapsed time spent in this place.
 B = Non-inter-level travel time spent in this place.
 C = Inter-level travel time spent in this place.
 D = Time resting spent in this place.
 E = Time spent auto-exploring this place.
 F = Levels seen in this place.
 G = Mean time per level.
                   A        B        C        D        E       F      G
               +--------+--------+--------+--------+--------+-----+--------+
         Total |   6330 |   6133 |    197 |    481 |   4626 |   9 |  703.3 |
       Dungeon |   6146 |   5949 |    197 |    481 |   4518 |   7 |  878.0 |
         Abyss |      1 |      1 |      0 |      0 |      0 |   1 |    1.0 |
         Sewer |    183 |    183 |      0 |      0 |    107 |   1 |  183.0 |
               +--------+--------+--------+--------+--------+-----+--------+

Top non-repeatable levels by time:
     D:3: 1051 daAuts
     D:7: 974 daAuts
     D:6: 912 daAuts
     D:1: 900 daAuts
     D:4: 816 daAuts
     D:2: 778 daAuts
     D:5: 713 daAuts
   Sewer: 183 daAuts
 Abyss:1: 1 daAuts
